[Event "Titled Tuesday Blitz March 15 Early 2022"]
[White "Koridze, Lile"]
[Black "Petersson, Kjell"]
[WhiteFideId "13612514"]
[BlackFideId "1705148"]
[WhiteElo "1999"]
[BlackElo "2009"]
[Result "0-1"]
[Round "03"]
[TimeControl "180+1"]
[Date "2022.03.15"]
[WhiteClock "0:00:04"]
[BlackClock "0:00:35"]

1. d4 f5 2. c4 Nf6 3. g3 e6 4. Bg2 d5 5. Nf3 c6 6. O-O Bd6 7. Qc2 O-O 8. b3 Qe7 9. Nc3 Ne4 10. e3 Nd7 11. Ne2 g5 12. Bb2 Ndf6 13. Ne5 Bxe5 14. dxe5 Ng4 15. Qd3 Ngxf2 16. Rxf2 Nxf2 17. Kxf2 Bd7 18. Kg1 Kh8 19. cxd5 cxd5 20. Nd4 f4 21. exf4 gxf4 22. Rf1 fxg3 23. Qxg3 Rxf1+ 24. Kxf1 Rf8+ 25. Kg1 Qf7 26. Nf3 Rg8 27. Qf2 Qg6 28. Ne1 Bc6 29. Qf6+ Qg7 30. Qf2 h6 31. Bd4 Rf8 32. Qe2 Kh7 33. Qc2+ Kh8 34. Qe2 Rf4 35. Nf3 Qg6 36. Qf2 Qb1+ 37. Qf1 Qf5 38. Qf2 Qg6 39. Qe2 Qg7 40. Qe3 Rg4 41. Qf2 Qg6 0-1


[Site "https://www.chess.com"]

[Event "Titled Tuesday Blitz March 15 Early 2022"]
[White "Krasilnikov, Evgeni"]
[Black "Dejmek, Mark"]
[WhiteFideId "4139739"]
[BlackFideId "2017628"]
[WhiteElo "2206"]
[BlackElo "2224"]
[Result "1-0"]
[Round "03"]
[TimeControl "180+1"]
[Date "2022.03.15"]
[WhiteClock "0:00:15"]
[BlackClock "0:00:05"]

1. e4 e5 2. Nc3 Nf6 3. g3 d5 4. exd5 Nxd5 5. Bg2 Nxc3 6. bxc3 Bd6 7. Nf3 O-O 8. O-O Re8 9. d4 Nc6 10. Bg5 f6 11. Be3 e4 12. Nd2 f5 13. c4 Bb4 14. d5 Ne5 15. Qe2 Qf6 16. Bd4 Qd6 17. Nb3 b6 18. f3 Ba6 19. Bxe5 Qxe5 20. fxe4 fxe4 21. Rf4 e3 22. Raf1 Rf8 23. Bh3 Rxf4 24. Rxf4 Bd6 25. Be6+ Kh8 26. Kg2 Qc3 27. Re4 Rf8 28. Rxe3 Qxc4 29. Qxc4 Bxc4 30. a4 a5 31. Rc3 Ba6 32. Re3 Bc4 33. Re4 Ba6 34. Nd4 Bc5 35. Nf5 Bb7 36. h4 h6 37. h5 Bxd5 38. Bxd5 Rxf5 39. Re8+ Kh7 40. Be4 g6 41. hxg6+ Kxg6 42. g4 1-0


[Site "https://www.chess.com"]

[Event "Titled Tuesday Blitz March 15 Early 2022"]
[White "Ladan, Nicholas"]
[Black "Rosen, Eric"]
[WhiteFideId "30918855"]
[BlackFideId "2032562"]
[WhiteElo "2167"]
[BlackElo "2362"]
[Result "1/2-1/2"]
[Round "03"]
[TimeControl "180+1"]
[Date "2022.03.15"]
[WhiteClock "0:00:18"]
[BlackClock "0:00:15"]

1. d4 d5 2. Bf4 Nf6 3. e3 c5 4. Nf3 Nc6 5. Nbd2 cxd4 6. exd4 Bf5 7. c3 e6 8. Qa4 Bd6 9. Ba6 Bxf4 10. Bxb7 O-O 11. Bxc6 Rb8 12. b4 Qc7 13. O-O Rfc8 14. b5 Ne4 15. Nxe4 dxe4 16. Ne5 Bxe5 17. dxe5 Rd8 18. Rad1 h5 19. Rd4 h4 20. h3 Bg6 21. Rfd1 Rxd4 22. Qxd4 Qa5 23. a4 Bh5 24. Rd2 Bg6 25. Qb4 Qb6 26. Qd4 Qa5 27. Kh2 Rf8 28. Bxe4 Bxe4 29. Qxe4 Qxc3 30. Qd4 Qa5 31. Rd3 Qe1 32. Qxh4 Qxe5+ 33. Qg3 Qe4 34. Rd7 Qxa4 35. Qe3 Qxb5 36. Rxa7 Qb8+ 37. g3 Qc8 38. Ra4 Qc6 39. Rf4 Qd5 40. Qf3 Qg5 41. Rg4 Qh6 42. Qd3 Re8 43. Qe3 Qf6 44. Qg5 Qxg5 45. Rxg5 Rd8 46. Rg4 f6 47. Kg2 Kf7 48. h4 Rd5 49. Rf4 Re5 50. Rf3 Re4 51. Re3 Rd4 52. Re2 Rd7 53. Re3 Rc7 54. Kf3 e5 55. Kg4 Rc4+ 56. Kf3 Ke6 57. Re1 Rc3+ 58. Kg2 Rc2 59. Ra1 Kf5 60. Ra7 Kg6 61. Ra6 e4 62. Ra3 Kf5 63. Re3 Ke5 64. g4 Kf4 65. g5 f5 66. Rg3 Re2 67. h5 Rd2 68. h6 gxh6 69. gxh6 Rd8 70. Rh3 Rh8 71. h7 Kg4 72. Rh1 f4 73. Rh6 Kg5 74. Rh1 Kg4 75. Rh3 f3+ 76. Kh2 Kf4 77. Rh4+ Kg5 78. Kg3 Kg6 79. Kf4 Rxh7 80. Rxh7 Kxh7 81. Kxe4 Kg6 82. Kxf3 Kf5 83. Kg3 Kg5 84. Kf3 Kf5 85. Ke3 Ke5 86. f3 Kf5 87. f4 Kf6 88. Kf3 Kf5 89. Kg3 Kf6 90. Kg4 Kg6 91. f5+ Kf6 92. Kf4 Kf7 93. Kg5 Kg7 94. f6+ Kf7 95. Kf5 Kf8 96. Kg6 Kg8 97. f7+ Kf8 98. Kf6 1/2-1/2


[Site "https://www.chess.com"]

[Event "Titled Tuesday Blitz March 15 Early 2022"]
[White "Le, Tuan Minh"]
[Black "Fernandez, Daniel Howard"]
[WhiteFideId "12401153"]
[BlackFideId "5801605"]
[WhiteElo "2450"]
[BlackElo "2466"]
[Result "1-0"]
[Round "03"]
[TimeControl "180+1"]
[Date "2022.03.15"]
[WhiteClock "0:00:09"]
[BlackClock "0:00:04"]

1. d4 Nf6 2. Nf3 d5 3. Bf4 c5 4. dxc5 e6 5. b4 a5 6. c3 axb4 7. cxb4 b6 8. e3 bxc5 9. bxc5 Bxc5 10. Nbd2 O-O 11. Bd3 Ba6 12. Bxa6 Nxa6 13. O-O Nb4 14. a4 Nd3 15. Nb3 Nxf4 16. Nxc5 Ng6 17. Qd2 Qd6 18. Rfc1 Rfc8 19. Nb3 Ne4 20. Rxc8+ Rxc8 21. Qd1 Nc3 22. Qd2 Ne4 23. Qd1 Nc3 24. Qe1 Qb4 25. Nbd4 e5 26. Nf5 Qb2 27. a5 Ne2+ 28. Kh1 Nc1 29. h4 Qxa1 30. h5 Qb1 31. Nd6 Ra8 32. hxg6 hxg6 33. Nxe5 Qa1 34. Ndxf7 Nb3 35. Qxa1 Nxa1 36. Ng5 Rxa5 37. Nc6 Rc5 38. Ne7+ Kf8 39. Nxg6+ Ke8 40. Ne6 Rc1+ 41. Kh2 Nc2 42. Ngf4 Kf7 43. Ng5+ Kf6 44. Nf3 Rd1 45. g4 Ne1 46. Nh4 g5 47. Nh5+ Ke5 48. Nf5 Nf3+ 49. Kg2 Ne1+ 50. Kg3 Nd3 51. f4+ gxf4+ 52. exf4+ Nxf4 53. Nxf4 Rg1+ 54. Ng2 d4 55. Nh4 d3 56. Nf3+ Kd5 57. Nxg1 d2 58. Ne3+ 1-0


[Site "https://www.chess.com"]

[Event "Titled Tuesday Blitz March 15 Early 2022"]
[White "Lou, Yiping"]
[Black "Migot, Tangi"]
[WhiteFideId "8603928"]
[BlackFideId "662445"]
[WhiteElo "2412"]
[BlackElo "2515"]
[Result "1/2-1/2"]
[Round "03"]
[TimeControl "180+1"]
[Date "2022.03.15"]
[WhiteClock "0:00:15"]
[BlackClock "0:00:06"]

1. Nf3 d5 2. b3 f6 3. d4 a5 4. c4 c6 5. Nc3 Bf5 6. Nh4 Bg4 7. h3 Bh5 8. Qc2 e6 9. e4 Bb4 10. exd5 cxd5 11. a3 Bxc3+ 12. Qxc3 Ne7 13. g4 Bf7 14. Bd3 Nbc6 15. Be3 e5 16. c5 exd4 17. Bxd4 Nxd4 18. Qxd4 Nc6 19. Bb5 O-O 20. Bxc6 bxc6 21. O-O Re8 22. Rfe1 Qc7 23. Nf5 Bg6 24. Nd6 Rxe1+ 25. Rxe1 Rb8 26. b4 axb4 27. axb4 Qa7 28. h4 Qa3 29. h5 Be4 30. Rxe4 Qc1+ 31. Kg2 dxe4 32. Qxe4 h6 33. Nf5 Qg5 34. Ne7+ Kf8 35. Nxc6 Re8 36. Qf3 Qd2 37. b5 Qc2 38. Qd5 Qe2 39. Qd6+ Kg8 40. Qd7 Kh7 41. Nd4 Qe4+ 42. f3 Qe3 43. b6 Qd2+ 44. Kh3 Re1 45. Qf5+ Kg8 46. Qc8+ Kh7 47. Qf5+ Kg8 48. Qc8+ Kh7 49. Qf5+ 1/2-1/2


[Site "https://www.chess.com"]

[Event "Titled Tuesday Blitz March 15 Early 2022"]
[White "Maghsoodloo, Parham"]
[Black "Navalgund, Niranjan"]
[WhiteFideId "12539929"]
[BlackFideId "5030854"]
[WhiteElo "2630"]
[BlackElo "2290"]
[Result "1-0"]
[Round "03"]
[TimeControl "180+1"]
[Date "2022.03.15"]
[WhiteClock "0:01:24"]
[BlackClock "0:00:48"]

1. e4 e5 2. Nf3 Nc6 3. Bb5 g6 4. O-O Bg7 5. c3 Nge7 6. d4 a6 7. Bxc6 Nxc6 8. Bg5 f6 9. Bh4 exd4 10. cxd4 O-O 11. Nc3 d6 12. d5 Ne5 13. Nd4 Bd7 14. f4 Ng4 15. Ne6 Bxe6 16. dxe6 Ne3 17. Qb3 Qe7 18. Nd5 Nxd5 19. exd5 b5 20. f5 g5 21. Bf2 Rfb8 22. Rac1 Rb7 23. Rc6 Bf8 24. Rfc1 h5 25. Be1 Qh7 26. Qd3 g4 27. Ba5 Bh6 28. Rf1 Qg7 29. Qe4 Qg5 30. Kf2 h4 31. Ke2 g3 32. h3 Qh5+ 33. Qg4+ Qxg4+ 34. hxg4 Bg5 35. Bxc7 Kg7 36. Bxd6 Rd8 37. Rd1 1-0


[Site "https://www.chess.com"]

[Event "Titled Tuesday Blitz March 15 Early 2022"]
[White "Maksimovic, Bojan"]
[Black "Istvanovszki, Martin"]
[WhiteFideId "14408120"]
[BlackFideId "726958"]
[WhiteElo "2448"]
[BlackElo "2345"]
[Result "1-0"]
[Round "03"]
[TimeControl "180+1"]
[Date "2022.03.15"]
[WhiteClock "0:00:07"]
[BlackClock "0:00:23"]

1. e4 c5 2. Nf3 d6 3. d4 cxd4 4. Nxd4 Nf6 5. Nc3 g6 6. Be3 Bg7 7. f3 O-O 8. Bc4 Nc6 9. Bb3 Bd7 10. h4 Ne5 11. Qd2 Rc8 12. O-O-O a5 13. h5 a4 14. Nxa4 Bxa4 15. Bxa4 Nc4 16. Qe1 Qb6 17. Bb3 Nxe3 18. Qxe3 Nxh5 19. Rxh5 gxh5 20. Nf5 Qxe3+ 21. Nxe3 Bh6 22. Kd2 Rc5 23. Ke2 Bxe3 24. Kxe3 Kg7 25. c3 f5 26. Bd5 fxe4 27. Bxe4 h6 28. Rd4 b5 29. Bd3 Rg5 30. Kf2 Ra8 31. Re4 Rxa2 32. Rxe7+ Kf6 33. Re2 Re5 34. Rc2 Rc5 35. Re2 h4 36. Bb1 Ra1 37. Bc2 Rc1 38. Bb3 Re5 39. Rd2 Ke7 40. Bd1 Rb1 41. Be2 Ra1 42. Rd4 Ra4 43. Rd2 Rf4 44. Bd3 Kd7 45. Rc2 Kc6 46. b4 Rf8 47. Ra2 Kb6 48. c4 bxc4 49. Bxc4 Rg5 50. Ra6+ Kc7 51. Ra7+ Kc6 52. Ra6+ Kd7 53. Ra7+ Kc6 54. Ra6+ Kb7 55. Rxd6 h5 56. Rd4 h3 57. gxh3 Rgf5 58. Bd5+ Kb6 59. Be4 Rf4 60. Rd5 h4 61. Ke3 R4f6 62. Rh5 Rc8 63. Rxh4 Rc3+ 64. Kf2 Rb3 65. Bd5 Rb2+ 66. Kg3 Rd6 67. Bg8 Rg6+ 68. Rg4 Rxg4+ 69. hxg4 Rxb4 70. g5 Kc7 71. f4 Kd7 72. Kg4 Ke7 73. Bd5 Kf8 74. Kf5 Kg7 75. Ke5 Rb1 76. f5 Re1+ 77. Be4 Re2 78. f6+ Kf7 79. Kf5 Rf2+ 80. Kg4 Re2 81. Bd5+ Kf8 82. g6 Rd2 83. g7+ Ke8 84. g8=Q+ Kd7 85. Qe6+ Kc7 86. Qc6+ Kd8 87. Qd6+ Ke8 88. Qe7# 1-0


[Site "https://www.chess.com"]

[Event "Titled Tuesday Blitz March 15 Early 2022"]
[White "Manukyan, Artyom"]
[Black "Van den Dikkenberg, Erik"]
[WhiteFideId "13305786"]
[BlackFideId "1005880"]
[WhiteElo "2034"]
[BlackElo "2118"]
[Result "1-0"]
[Round "03"]
[TimeControl "180+1"]
[Date "2022.03.15"]
[WhiteClock "0:01:55"]
[BlackClock "0:00:31"]

1. e4 c5 2. Nc3 d6 3. f4 g6 4. Nf3 Bg7 5. Bc4 Nf6 6. O-O Bg4 7. h3 Bxf3 8. Qxf3 O-O 9. f5 Nc6 10. fxg6 hxg6 11. Qg3 Ne5 12. Be2 Rb8 13. d3 b5 14. Bf4 Nfd7 15. Nd5 e6 16. Ne3 b4 17. h4 Qe7 18. Rae1 f6 19. Nc4 Nxc4 20. dxc4 e5 21. Bd2 Qf7 22. b3 Rbd8 23. h5 gxh5 24. Rf5 Qe6 25. Bxh5 Nb6 26. Ref1 Rd7 27. Bg6 Rfd8 28. Qh3 Kf8 29. Qh7 Nc8 30. Bh6 Qg8 31. Rxf6+ Rf7 32. Rxf7+ Qxf7 33. Rxf7+ Ke8 34. Qg8+ Bf8 35. Qxf8# 1-0


[Site "https://www.chess.com"]

[Event "Titled Tuesday Blitz March 15 Early 2022"]
[White "Manukyan, Sargis A."]
[Black "Zhigalko, Sergei"]
[WhiteFideId "13303970"]
[BlackFideId "13502956"]
[WhiteElo "2187"]
[BlackElo "2662"]
[Result "1-0"]
[Round "03"]
[TimeControl "180+1"]
[Date "2022.03.15"]
[WhiteClock "0:00:22"]
[BlackClock "0:00:01"]

1. d4 Nf6 2. c4 e6 3. Nc3 Bb4 4. a3 Bxc3+ 5. bxc3 O-O 6. f3 d5 7. cxd5 exd5 8. e3 Bf5 9. Bd3 Bxd3 10. Qxd3 c5 11. Ne2 Nc6 12. O-O Re8 13. Ra2 Rc8 14. g4 Qa5 15. Ng3 Re6 16. Rg2 Ne7 17. g5 Nd7 18. f4 cxd4 19. cxd4 Qc3 20. Qd1 Rec6 21. Bd2 Qxa3 22. Qg4 Nf8 23. f5 Qd3 24. f6 Neg6 25. fxg7 Ne6 26. Nf5 R8c7 27. Qf3 Nxg7 28. Nh6+ Kf8 29. Qxd5 Qc4 30. Qd8+ Ne8 31. Rgf2 Rd6 32. Bb4 Qxb4 33. Rxf7+ Rxf7 34. Rxf7# 1-0


[Site "https://www.chess.com"]

[Event "Titled Tuesday Blitz March 15 Early 2022"]
[White "Marson, Juan Miguel"]
[Black "Borodavkin, Anatoly"]
[WhiteFideId "106585"]
[BlackFideId "14150662"]
[WhiteElo "2053"]
[BlackElo "1845"]
[Result "1-0"]
[Round "03"]
[TimeControl "180+1"]
[Date "2022.03.15"]
[WhiteClock "0:00:14"]
[BlackClock "0:00:15"]

1. e4 e5 2. Nf3 Nf6 3. Nxe5 d6 4. Nf3 Nxe4 5. Nc3 Nxc3 6. dxc3 Be7 7. Bf4 Be6 8. Qd2 Nc6 9. O-O-O Qd7 10. a3 a6 11. Be2 O-O-O 12. Rhe1 Bf6 13. Bg5 Bxg5 14. Nxg5 h6 15. Nxe6 fxe6 16. Bg4 Rde8 17. Qe3 Kb8 18. Bxe6 Qd8 19. Qg3 g5 20. Bd5 Ne5 21. Bf3 Qf6 22. Bh5 Ref8 23. f3 Rh7 24. Re4 Re7 25. Qe1 Rg7 26. Kb1 Qf5 27. Bg4 Nxg4 28. fxg4 Qf2 29. Re8+ Ka7 30. Rxf8 Qxf8 31. Qe3+ b6 32. Re1 Qc8 33. h3 Rf7 34. b3 Qf8 35. Kb2 Rf2 36. Qe4 Qf7 37. Qc6 Qh7 38. Qe4 Qxe4 39. Rxe4 Rxg2 40. Re6 Rg3 41. Rxh6 Kb7 42. Rh5 Kc6 43. c4 b5 44. cxb5+ axb5 45. Kc1 Rg1+ 46. Kd2 Rg2+ 47. Kd3 Rg3+ 48. Ke4 Rg2 49. Rxg5 Rxc2 50. h4 Rc3 51. h5 Rxb3 52. h6 Rxa3 53. h7 Ra4+ 54. Kf5 Ra8 55. Rg8 Ra5 56. h8=Q b4+ 57. Ke6 Re5+ 58. Kf7 b3 59. Qh1+ Rd5 60. Ke6 1-0


[Site "https://www.chess.com"]

[Event "Titled Tuesday Blitz March 15 Early 2022"]
[White "Martic, Ivan"]
[Black "Thavandiran, Shiyam"]
[WhiteFideId "929301"]
[BlackFideId "2605058"]
[WhiteElo "2317"]
[BlackElo "2357"]
[Result "0-1"]
[Round "03"]
[TimeControl "180+1"]
[Date "2022.03.15"]
[WhiteClock "0:00:14"]
[BlackClock "0:01:03"]

1. e4 c6 2. d4 d5 3. Nd2 dxe4 4. Nxe4 Nf6 5. Nxf6+ exf6 6. c3 Bd6 7. Bd3 O-O 8. Qc2 Re8+ 9. Ne2 h5 10. Be3 Nd7 11. O-O-O b5 12. h3 Nb6 13. g4 h4 14. Bh7+ Kh8 15. Bf5 Nd5 16. Bxc8 Qxc8 17. Qd2 Nxe3 18. fxe3 Qe6 19. Kb1 Qxe3 20. Nc1 Qe4+ 21. Ka1 Bg3 22. Nd3 a5 23. Rhf1 Kg8 24. g5 f5 25. Nc5 Qd5 26. g6 fxg6 27. Qg5 Kh7 28. Nd3 b4 29. Nf4 Qf7 30. Rg1 bxc3 31. bxc3 Re4 32. Rxg3 hxg3 33. Qxg3 Rae8 34. h4 Re3 35. Qg5 Re1 36. Rxe1 Rxe1+ 37. Kb2 Rh1 38. h5 Rh2+ 39. Kc1 gxh5 0-1


[Site "https://www.chess.com"]

[Event "Titled Tuesday Blitz March 15 Early 2022"]
[White "Martin Carmona, Gaston Manuel"]
[Black "Polster, Christian"]
[WhiteFideId "22284567"]
[BlackFideId "12965081"]
[WhiteElo "2161"]
[BlackElo "2282"]
[Result "0-1"]
[Round "03"]
[TimeControl "180+1"]
[Date "2022.03.15"]
[WhiteClock "0:00:45"]
[BlackClock "0:00:19"]

1. d4 d5 2. c4 e6 3. Nf3 c6 4. g3 Nf6 5. Bg2 Be7 6. O-O O-O 7. Qc2 Ne4 8. Nbd2 f5 9. b3 Nd7 10. Bb2 Ndf6 11. Ne5 Bd7 12. Nd3 Nxd2 13. Qxd2 Ne4 14. Qc1 Be8 15. Ba3 Bxa3 16. Qxa3 dxc4 17. bxc4 Qxd4 18. Rac1 Bf7 19. Rfd1 Rfd8 20. e3 Qf6 21. Bxe4 fxe4 22. Nc5 Bh5 23. Rxd8+ Rxd8 24. Nxe4 Qf3 25. Ng5 Rd1+ 26. Rxd1 Qxd1+ 27. Kg2 h6 28. Nxe6 Qf3+ 29. Kg1 Qd1+ 30. Kg2 Bf3+ 31. Kh3 Bg4+ 32. Kh4 Bxe6 0-1


[Site "https://www.chess.com"]

[Event "Titled Tuesday Blitz March 15 Early 2022"]
[White "Matinian, Nikita"]
[Black "Mortazavi, Ali"]
[WhiteFideId "24129100"]
[BlackFideId "401323"]
[WhiteElo "2422"]
[BlackElo "2339"]
[Result "1-0"]
[Round "03"]
[TimeControl "180+1"]
[Date "2022.03.15"]
[WhiteClock "0:00:20"]
[BlackClock "0:00:10"]

1. e4 c6 2. Nc3 d5 3. Nf3 dxe4 4. Nxe4 Nf6 5. Qe2 Be6 6. Neg5 Bd5 7. c4 h6 8. cxd5 hxg5 9. Nxg5 Qxd5 10. h4 e6 11. Qc4 Nbd7 12. Qxd5 Nxd5 13. a3 Be7 14. d4 Bf6 15. Nf3 O-O-O 16. g3 c5 17. dxc5 Nxc5 18. Bc4 Nb6 19. Be2 Nb3 20. Rb1 Nxc1 21. Rxc1+ Kb8 22. b3 Bb2 23. Rc2 Bxa3 24. O-O f6 25. Ra1 Bb4 26. Kf1 Rd7 27. Ng1 Rhd8 28. Nh3 e5 29. h5 a6 30. Ng1 Rd2 31. Raa2 Rxc2 32. Rxc2 Rd2 33. Rxd2 Bxd2 34. Nf3 Bc3 35. Nh4 Bd2 36. f4 exf4 37. Nf5 f3 38. Bxf3 Bh6 39. Ke2 Kc7 40. Kd3 Nd7 41. Ke4 Ne5 42. Be2 a5 43. Nxh6 gxh6 44. Kf5 Kc6 45. Kxf6 Nd7+ 46. Kg7 b5 47. Kxh6 Kd6 48. Kg7 a4 49. bxa4 bxa4 50. h6 Ne5 51. h7 a3 52. h8=Q 1-0


[Site "https://www.chess.com"]

[Event "Titled Tuesday Blitz March 15 Early 2022"]
[White "Maung, Maung Kyaw Zaw Hein"]
[Black "Devaev, Alexander"]
[WhiteFideId "13001698"]
[BlackFideId "4169395"]
[WhiteElo "1785"]
[BlackElo "2185"]
[Result "0-1"]
[Round "03"]
[TimeControl "180+1"]
[Date "2022.03.15"]
[WhiteClock "0:00:08"]
[BlackClock "0:00:17"]

1. Nf3 Nf6 2. c4 c5 3. Nc3 e6 4. d4 cxd4 5. Nxd4 a6 6. g3 Nc6 7. Bg2 Be7 8. O-O O-O 9. b3 Ne5 10. Bb2 d6 11. Qd2 Qc7 12. Rfd1 Rb8 13. Rac1 Re8 14. h3 Bf8 15. Kh2 h6 16. f4 Ng6 17. e4 b6 18. Ba3 Bb7 19. Re1 Ba8 20. Rcd1 Rbc8 21. Bf3 b5 22. Nde2 bxc4 23. Bxd6 Bxd6 24. Qxd6 cxb3 25. axb3 Qb7 26. b4 Rc4 27. Rd4 Rec8 28. Rxc4 Rxc4 29. Rf1 Qxb4 30. Qd8+ Qf8 31. Qa5 Qc8 32. Ra1 Bb7 33. Rd1 Qc7 34. Rd8+ Nf8 35. Qxc7 Rxc7 36. g4 Nd7 37. Kg3 g5 38. e5 Kg7 39. Bxb7 Rxb7 40. Ne4 Rb8 41. Rxb8 Nxb8 42. f5 Nfd7 43. fxe6 fxe6 44. Nd4 Kf7 45. Nd6+ Ke7 46. Nc8+ Kd8 47. Nd6 Nxe5 48. Nb7+ Kc7 49. Nc5 Kb6 50. Ndxe6 a5 51. Na4+ Kb5 52. Nc3+ Kc4 53. Na4 Nbd7 54. Ng7 Kb3 55. Nb6 Nxb6 56. Nf5 Nf7 57. Nxh6 Nxh6 58. h4 gxh4+ 59. Kxh4 Nf7 60. g5 Nxg5 61. Kxg5 a4 62. Kf4 a3 63. Ke5 a2 64. Ke4 a1=Q 65. Kf5 Qc3 66. Ke6 Qe3+ 67. Kd6 Qd4+ 68. Kc7 Kb4 69. Kb7 Nc4 70. Ka6 Qd6+ 71. Kb7 Qd7+ 72. Kb8 Kb5 73. Ka8 Kb6 74. Kb8 Qd8# 0-1


[Site "https://www.chess.com"]

[Event "Titled Tuesday Blitz March 15 Early 2022"]
[White "Meyer, Lars A."]
[Black "Vokarev, Sergey"]
[WhiteFideId "1401947"]
[BlackFideId "4119711"]
[WhiteElo "2297"]
[BlackElo "2398"]
[Result "0-1"]
[Round "03"]
[TimeControl "180+1"]
[Date "2022.03.15"]
[WhiteClock "0:00:01"]
[BlackClock "0:01:33"]

1. d4 d5 2. c4 dxc4 3. Nc3 e5 4. e4 exd4 5. Bxc4 dxc3 6. Bxf7+ Ke7 7. Bg5+ Nf6 8. Qb3 Qd4 9. Nf3 Qxe4+ 10. Kf1 Kd8 11. Re1 Qd3+ 12. Kg1 Bd7 13. Ne5 Qb5 14. Qd1 Bd6 0-1


[Site "https://www.chess.com"]

[Event "Titled Tuesday Blitz March 15 Early 2022"]
[White "Milosevic, Milos"]
[Black "Bintang, Rasyid A. Hidayat"]
[WhiteFideId "964875"]
[BlackFideId "7105355"]
[WhiteElo "2237"]
[BlackElo "2340"]
[Result "0-1"]
[Round "03"]
[TimeControl "180+1"]
[Date "2022.03.15"]
[WhiteClock "0:00:02"]
[BlackClock "0:00:57"]

1. e4 d5 2. exd5 Nf6 3. Nc3 Nxd5 4. Bc4 Nb6 5. Bb3 Nc6 6. Nf3 Bf5 7. d3 e6 8. O-O Bd6 9. h3 O-O 10. Ne4 Be7 11. c3 Nd5 12. Ng3 Bg6 13. d4 Nf6 14. Bc2 Bd6 15. Bxg6 hxg6 16. Ne2 e5 17. dxe5 Nxe5 18. Ned4 Nxf3+ 19. Qxf3 c6 20. Bg5 Be7 21. Rad1 Qc7 22. Rfe1 Rad8 23. h4 Rfe8 24. g3 a6 25. Bf4 Bd6 26. Bxd6 Rxd6 27. Rxe8+ Nxe8 28. Re1 Nf6 29. Nb3 c5 30. Qe3 b6 31. Qf3 Qd8 32. Kg2 a5 33. Nc1 Rd2 34. Re2 Rd1 35. Rc2 Kh7 36. Qe2 Qd5+ 37. f3 c4 38. Kf2 Qc5+ 39. Kg2 Qg1+ 40. Kh3 Qh1+ 41. Qh2 Qxf3 42. Qg2 Rh1+ 43. Qh2 Rxh2+ 44. Kxh2 Ng4+ 45. Kh3 Nf2+ 46. Kh2 Qh1# 0-1


[Site "https://www.chess.com"]

[Event "Titled Tuesday Blitz March 15 Early 2022"]
[White "Miszler, Levente"]
[Black "Hamitevici, Vladimir"]
[WhiteFideId "763276"]
[BlackFideId "13902393"]
[WhiteElo "1966"]
[BlackElo "2359"]
[Result "0-1"]
[Round "03"]
[TimeControl "180+1"]
[Date "2022.03.15"]
[WhiteClock "0:00:14"]
[BlackClock "0:00:23"]

1. Nf3 d5 2. d4 g6 3. c4 dxc4 4. e3 Bg7 5. Bxc4 Nf6 6. O-O O-O 7. b3 b6 8. Bb2 Bb7 9. Nc3 Nbd7 10. Qe2 Ne4 11. Ba6 Nxc3 12. Bxc3 Qc8 13. Bxb7 Qxb7 14. Rac1 Rfe8 15. Rfd1 a5 16. Qb2 a4 17. d5 Bxc3 18. Qxc3 Rec8 19. Ne5 Nf6 20. Nc6 Re8 21. Nxe7+ Rxe7 22. Qxf6 Rd7 23. e4 Re8 24. Qd4 axb3 25. axb3 Qa8 26. f3 c5 27. Qc4 Qb8 28. b4 cxb4 29. Qxb4 f5 30. Rc6 fxe4 31. fxe4 Qf4 32. Re1 Rf7 33. Rc2 Re5 34. Qd2 Rxe4 35. Rc8+ Kg7 36. Qb2+ Kh6 37. Rd1 Qe3+ 38. Kh1 Qe1+ 0-1


[Site "https://www.chess.com"]

[Event "Titled Tuesday Blitz March 15 Early 2022"]
[White "Molina, Roberto Junio Brito"]
[Black "Moroni, Luca Jr"]
[WhiteFideId "2109450"]
[BlackFideId "865834"]
[WhiteElo "2432"]
[BlackElo "2573"]
[Result "1-0"]
[Round "03"]
[TimeControl "180+1"]
[Date "2022.03.15"]
[WhiteClock "0:00:20"]
[BlackClock "0:00:03"]

1. d4 d6 2. e4 e5 3. Nf3 exd4 4. Nxd4 Nf6 5. Nc3 Be7 6. Be2 O-O 7. O-O Re8 8. Re1 Bf8 9. Bf1 c6 10. Bf4 a5 11. a4 Na6 12. Qd2 Nc5 13. f3 Qb6 14. Be3 Qc7 15. Rad1 Bd7 16. Nb3 Nxb3 17. cxb3 Be6 18. Bc4 d5 19. exd5 cxd5 20. Bb5 Red8 21. Bd4 Bc5 22. Bxc5 Qxc5+ 23. Qd4 Rac8 24. Qxc5 Rxc5 25. Rd4 Kf8 26. f4 g6 27. h3 h5 28. Red1 Bf5 29. Kf2 h4 30. Bd3 Be6 31. Re1 Kg7 32. Re5 Nd7 33. Re2 Nf6 34. Rd2 b6 35. Be2 Rdc8 36. Bf3 Ne4+ 37. Bxe4 dxe4 38. b4 Rc4 39. bxa5 bxa5 40. Ke3 f5 41. Rxc4 Rxc4 42. Rd6 Kf7 43. Rb6 Rc7 44. Nb5 Rc1 45. Rb7+ Kf8 46. Rb6 Bb3 47. Nc3 Re1+ 48. Kf2 Rc1 49. Rxb3 Rc2+ 50. Kg1 Ke7 51. Rb6 Kd7 52. Rxg6 Rxb2 53. Rf6 Rb3 54. Nd5 e3 55. Nxe3 Rxe3 56. Rxf5 Re4 57. Rxa5 Rxf4 58. Ra8 Ke7 59. a5 Kf7 60. Rb8 Ra4 61. Rb5 Kg6 62. Kf2 Ra3 63. Rc5 Kh6 64. Rd5 Kg6 65. Re5 Kh6 66. Re4 Kg5 67. Re5+ Kg6 68. Ke2 Ra2+ 69. Kf3 Ra3+ 70. Kf4 Ra4+ 71. Re4 Rxa5 72. Re6+ Kh5 73. Re5+ Rxe5 74. Kxe5 Kg5 75. Ke4 Kg6 76. Kf4 Kh5 77. Kf5 1-0


[Site "https://www.chess.com"]

[Event "Titled Tuesday Blitz March 15 Early 2022"]
[White "Muhammad, Shahzeb"]
[Black "Dixit, Nikhil"]
[WhiteFideId "7804806"]
[BlackFideId "5059534"]
[WhiteElo "2233"]
[BlackElo "2223"]
[Result "0-1"]
[Round "03"]
[TimeControl "180+1"]
[Date "2022.03.15"]
[WhiteClock "0:00:01"]
[BlackClock "0:00:15"]

1. e4 g6 2. d4 Bg7 3. Nc3 d5 4. exd5 Nf6 5. Bc4 Nbd7 6. Bg5 Nb6 7. Bxf6 Bxf6 8. Bb3 O-O 9. Qd2 c6 10. dxc6 bxc6 11. Nf3 a5 12. a4 Ba6 13. O-O-O Rb8 14. Ne5 Qd6 15. Ne4 Qc7 16. Nxf6+ exf6 17. Ng4 Qd6 18. h4 h5 19. Ne3 Nd5 20. Bxd5 cxd5 21. Qxa5 Bc4 22. Qc5 Qa6 23. Nxc4 dxc4 24. Qa3 c3 25. bxc3 Rb7 26. Rd3 Rfb8 27. Kd2 Qc6 28. d5 Qc4 29. d6 Qc8 30. Re1 Qf5 31. d7 Rxd7 32. Rxd7 Qxd7+ 33. Ke2 Kg7 34. Kf1 Qg4 35. Qd6 Rb2 36. Qd4 Qc8 37. Rc1 Qa6+ 38. Kg1 Ra2 39. Qd3 Qxa4 40. c4 Ra3 41. Qd5 Rc3 42. Qd2 Qxc4 43. g3 Qc5 44. Kg2 Rc4 45. Qc3 Rxc3 0-1


[Site "https://www.chess.com"]

[Event "Titled Tuesday Blitz March 15 Early 2022"]
[White "Myshakov, Fyodor"]
[Black "Araujo Filho, Luiz Antonio Coel"]
[WhiteFideId "14111284"]
[BlackFideId "2130661"]
[WhiteElo "2310"]
[BlackElo "2182"]
[Result "0-1"]
[Round "03"]
[TimeControl "180+1"]
[Date "2022.03.15"]
[WhiteClock "0:00:12"]
[BlackClock "0:00:03"]

1. c4 f5 2. Nc3 Nf6 3. Nf3 g6 4. g3 Bg7 5. Bg2 O-O 6. O-O d6 7. d4 Nc6 8. d5 Na5 9. Nd2 c5 10. dxc6 Nxc6 11. Nd5 Nxd5 12. Bxd5+ e6 13. Bg2 e5 14. Rb1 e4 15. Nb3 Be6 16. c5 dxc5 17. Nxc5 Bxa2 18. Ra1 Bc4 19. Qc2 b5 20. Rd1 Nd4 21. Rxd4 Qxd4 22. Be3 Qxb2 23. Qxb2 Bxb2 24. Rb1 Bg7 25. f3 exf3 26. Bxf3 Rac8 27. Nb7 Rc7 28. Bf4 Rd7 29. Bc6 Re7 30. Bd6 Bd4+ 31. Kh1 Rxe2 32. Bxf8 Kxf8 33. Nd6 Re6 34. Nxb5 Bb6 35. Bf3 Bd3 36. Rb3 Re1+ 0-1


[Site "https://www.chess.com"]

[Event "Titled Tuesday Blitz March 15 Early 2022"]
[White "Nagy, Gabor"]
[Black "Kuzmin, Roman"]
[WhiteFideId "737119"]
[BlackFideId "44134932"]
[WhiteElo "2534"]
[BlackElo "1978"]
[Result "1-0"]
[Round "03"]
[TimeControl "180+1"]
[Date "2022.03.15"]
[WhiteClock "0:00:21"]
[BlackClock "0:00:04"]

1. e4 c5 2. Nf3 d6 3. d4 cxd4 4. Nxd4 Nf6 5. Nc3 a6 6. Bc4 e6 7. Bb3 Nbd7 8. Bg5 Nc5 9. Qe2 b5 10. O-O-O Qc7 11. f4 Bb7 12. Bxf6 gxf6 13. Rhe1 b4 14. Nd5 exd5 15. exd5+ Kd7 16. Qg4+ Kd8 17. Kb1 Qd7 18. Qh5 Kc7 19. Qh4 Rg8 20. g3 Re8 21. Qxh7 Rg7 22. Qh8 a5 23. Bc4 Kb6 24. Bb5 Rxe1 25. Rxe1 Qc8 26. Bc6 Bxc6 27. Nxc6 Kc7 28. b3 f5 29. Ne7 Ne4 30. Nxc8 Nc3+ 31. Kb2 1-0


[Site "https://www.chess.com"]